 Dungeon Crawl Stone Soup version 0.28.0-43-g3370ac3207 (webtiles) character file.

Game seed: 4365129133152765714

254 MirrMurr the Poker (level 5, 0/42 HPs)
             Began as a Demonspawn Berserker on Mar 5, 2022.
             Was a Believer of Trog.
             Slain by an orc
             ... wielding a +0 dagger
              (4 damage)
             ... on level 3 of the Dungeon.
             The game lasted 00:06:34 (3396 turns).

MirrMurr the Poker (Demonspawn Berserker)           Turns: 3396, Time: 00:06:34

Health: 0/42       AC: 11    Str: 19    XL:     5   Next: 91%
Magic:  5/5        EV:  6    Int:  8    God:    Trog [**....]
Gold:   83         SH:  0    Dex: 13    Spells: 4/4 levels left

rFire   . . .      SeeInvis .   a - +1 spear
rCold   . . .      Faith    .   (no shield)
rNeg    . . .      Spirit   .   i - +0 plate armour
rPois   .          Reflect  .   (no helmet)
rElec   .          Harm     .   (no cloak)
rCorr   .          Rampage  .   (no gloves)
Will    .....                   (no boots)
Stlth   ..........              (no amulet)
HPRegen 0.14/turn               (no ring)
MPRegen 0.09/turn               (no ring)

@: on berserk cooldown, slowed, very slow
A: powered by pain 1
a: Renounce Religion, Berserk, Trog's Hand


You were on level 3 of the Dungeon.
You worshipped Trog.
Trog was pleased with you.
You visited 1 branch of the dungeon, and saw 3 of its levels.

You collected 83 gold pieces.

Inventory:

Hand Weapons
 a - a +1 spear (weapon)
 b - a +0 hunting sling
Missiles
 c - 42 stones (quivered)
 e - 17 sling bullets
 p - 5 poisoned darts
 s - a boomerang
Armour
 i - a +0 plate armour (worn)
Jewellery
 r - a ring of flight
Wands
 m - a wand of iceblast (12)
Scrolls
 g - a scroll of enchant armour {unknown}
 h - a scroll of identify {unknown}
 k - 2 scrolls of teleportation {unknown}
 l - a scroll of fear {unknown}
 n - a scroll of enchant weapon
 q - a scroll of amnesia {unknown}
Potions
 d - 2 potions of brilliance {unknown}
 f - a potion of cancellation {unknown}
 j - a potion of curing {unknown}
 o - a potion of degeneration {unknown}
 t - a potion of berserk rage {unknown}


   Skills:
 + Level 4.0 Fighting
 * Level 4.3 Polearms
 + Level 2.9 Armour
 + Level 2.9 Dodging


You had 4 spell levels left.
You didn't know any spells.
Your spell library was empty.

Dungeon Overview and Level Annotations

Branches:
Dungeon (3/15)

Altars:
Dithmenos
Qazlal
Ru
Uskayaw
Zin
Lugonu

Portals:
Abyss: D:3


Innate Abilities, Weirdness & Mutations

You sometimes gain a little power by taking damage.


Message History

You hear a shout!
Reach: a) +1 spear
Press: ? - help, Dir - move target, f/p - orc priest
Aim: an orc priest, wielding a +0 trident (heavily wounded, about 36% to evade your +1 spear)
You reach to attack!
You closely miss the orc priest.
The orc priest is heavily wounded.
Reach: a) +1 spear
Press: ? - help, Dir - move target, f/p - orc priest
Aim: an orc priest, wielding a +0 trident (heavily wounded, about 36% to evade your +1 spear)
You reach to attack!
You puncture the orc priest!
You kill the orc priest!
Trog accepts your kill.
Your Fighting skill increases to level 4!
Items here: )) [[ †††.
Unknown command.
You feel a strong urge to attack something.
Things that are here:
a +0 trident; an orc corpse You start resting.
There are monsters nearby!
There are monsters nearby!
There are monsters nearby!
You feel your anger nearly subside.
You are no longer berserk.
You are exhausted.
You feel yourself slow down. The orc barely misses you.
The orc hits you but does no damage. x2
You closely miss the orc. The orc closely misses you.
The orc hits you but does no damage. x2
You closely miss the orc. The orc completely misses you.
The orc hits you with a +0 short sword.
* * * LOW HITPOINT WARNING * * *
You closely miss the orc. The orc hits you with a +0 dagger.
* * * LOW HITPOINT WARNING * * *
The orc hits you with a +0 short sword.
* * * LOW HITPOINT WARNING * * *
The orc hits you but does no damage.
You closely miss the orc. The orc hits you with a +0 short sword.
* * * LOW HITPOINT WARNING * * *
The orc hits you with a +0 dagger.
You die...

####..<#########..≈≈≈≈≈≈≈...# #.
..............##............####.
......).....................##...
...........)..#######.#.....##...
##....<..###########........##...
#.#...#.# #.)....#.########.
#.#...#.# #)###.#.#########.
#.#...#.# #.# ##.###....))>.
#)#...#.# #@###### #.#######
#.......# #####oo....###.#
#......#.##.o.....##.....#
#.##..###.#.#####.########
#....## ##..#####.#
##..†#.###......##.#
.....##.#.##.##.##.#
##........##.# ##..
#####.....##w. ..#


You could see 2 orcs.

Vanquished Creatures
  2 orc priests (D:3)
  Jessica (D:2)
  Terence (D:2)
  An adder (D:2)
  4 gnolls (D:3)
  A worm (D:3)
  A dart slug (D:2)
  10 orcs (D:3)
  4 bats
  9 endoplasms
  5 giant cockroaches
  10 goblins
  8 hobgoblins
  5 jackals
  2 quokkas
  4 ball pythons
  4 frilled lizards
  5 kobolds
  6 rats
  A lurking horror (D:3)
84 creatures vanquished.

Notes
Turn   | Place    | Note
-------+----------+-------------------------------------------
     0 | D:1      | MirrMurr the Demonspawn Berserker began the quest for the
                  | Orb.
     0 | D:1      | Reached XP level 1. HP: 18/18 MP: 1/1
   266 | D:1      | Gained mutation: You sometimes gain a little power by
                  | taking damage. [demonic ancestry]
   266 | D:1      | Reached XP level 2. HP: 17/24 MP: 2/2
   427 | D:1      | Found a faded altar of an unknown god.
   836 | D:1      | Reached XP level 3. HP: 26/29 MP: 3/3
  1559 | D:2      | Noticed Terence
  1575 | D:2      | Killed Terence
  1660 | D:2      | Reached ** piety under Trog
  1661 | D:2      | Reached XP level 4. HP: 34/35 MP: 4/4
  1807 | D:2      | Noticed Jessica
  1810 | D:2      | Killed Jessica
  2427 | D:3      | Found a shadowy altar of Dithmenos.
  2489 | D:3      | Reached XP level 5. HP: 31/42 MP: 5/5
  2842 | D:3      | Found a one-way gate to the infinite horrors of the Abyss.
  2848 | D:3      | Found a corrupted altar of Lugonu.
  3126 | D:3      | Found a stormy altar of Qazlal.
  3242 | D:3      | Found a hide-covered altar of Uskayaw.
  3348 | D:3      | Found a sacrificial altar of Ru.
  3396 | D:3      | Slain by an orc

Illustrated notes

Levels and vault maps discovered:
D:1:      dpeg_arrival_pond, layout_loops_cross, ebering_ecumenical_altar_ruins
D:2:      layout_basic, uniq_jessica, uniq_terence
D:3:      layout_loops_cross, lemuel_tele_altar, general_overflow_altar,
          lemuel_round_altar, mainiacjoe_overflow_catwalk, jmf_multi_god_temple,
          amcnicky_altar_lugonu_corruption

Skill      XL: |  1  2  3  4  5 |
---------------+----------------+-----
Polearms       | 3 4 |  4.3
Armour         | 2 |  2.9
Dodging        | 2 |  2.9
Fighting       | 4 |  4.0

Action                   |  1- 3 |  4- 6 || total
-------------------------+-------+-------++-------
Melee: Spear             |   130 |   162 ||   292
       Punch             |     3 |       ||     3
 Fire: Hunting sling     |       |    10 ||    10
Throw: Stone             |    49 |    40 ||    89
Invok: Berserk           |     1 |     2 ||     3
  Use: Scroll            |     4 |       ||     4
 Stab: Sleeping          |     2 |       ||     2
Armor: Animal skin       |    12 |       ||    12
       Plate armour      |    12 |    59 ||    71
Dodge: Dodged            |    41 |    27 ||    68
